 Dungeon Crawl Stone Soup version 0.27-a0-1147-gb3d8e82157 (webtiles) character file.

Game seed: 14496874066364983319

1012 leviel the Cleaver (level 8, 0/73 HPs)
             Began as a Minotaur Fighter on May 11, 2021.
             Was an Initiate of Fedhas.
             Splashed by a kobold's acid (10 damage)
             ... on level 5 of the Dungeon.
             The game lasted 00:08:13 (5829 turns).

leviel the Cleaver (Minotaur Fighter)               Turns: 5829, Time: 00:08:16

Health: 0/73       AC:  4    Str: 22    XL:     8   Next: 1%
Magic:  7/7        EV:  7    Int:  5    God:    Fedhas [......]
Gold:   260        SH: 16    Dex: 16    Spells: 7/7 levels left

rFire    + . .     SeeInvis .   a - +1 war axe
rCold    . . .     Faith    .   q - +2 kite shield
rNeg     . . .     Spirit   .   b - +0 scale mail
rPois    +         Reflect  .   (helmet restricted)
rElec    .         Harm     .   (no cloak)
rCorr    .         Rampage  .   f - +0 pair of gloves
Will     +....     Rnd*Rage +   (no boots)
Stlth    ..........             (no amulet)
HPRegen  0.22/turn              c - ring "Keorepy" {rPois rF+ Dex+5}
MPRegen  0.10/turn              (no ring)

@: corroded, very slightly contaminated, invisible
A: horns 2, retaliatory headbutt, large bone plates 1, berserk 1, strong-willed
1
a: Renounce Religion


You were on level 5 of the Dungeon.
You worshipped Fedhas.
Fedhas was noncommittal.
You visited 2 branches of the dungeon, and saw 6 of its levels.

You collected 260 gold pieces.

Inventory:

Hand Weapons
 a - a +1 war axe (weapon)
Missiles
 g - a throwing net
Armour
 b - a +0 scale mail (worn)
 f - a +0 pair of gloves (worn)
 q - a +2 kite shield (worn)
Jewellery
 c - the ring "Keorepy" (left hand) {rPois rF+ Dex+5}
   (You found it on level 5 of the Dungeon)

   [ring of protection from fire]

   It affects your dexterity (+5).
   It protects you from fire.
   It protects you from poison.
Wands
 k - a wand of flame (17) (quivered)
Scrolls
 h - a scroll of blinking {unknown}
 i - a scroll of teleportation
 r - 2 scrolls of identify {@r1}
 t - a scroll of noise {unknown}
Potions
 d - 3 potions of might
 e - a potion of resistance
 j - 2 potions of attraction
 m - a potion of flight {unknown}
 n - a potion of brilliance {unknown}
 o - a potion of haste {unknown}
 p - a potion of curing {unknown}
 s - a potion of invisibility {unknown}


   Skills:
 + Level 7.3 Fighting
 * Level 9.4 Axes
 - Level 3.6 Armour
 - Level 3.6 Shields


You had 7 spell levels left.
You didn't know any spells.
Your spell library contained the following spells:

 Spells                   Type           Power      Damage    Failure   Level
 Animate Skeleton         Necr           0%         N/A       99%         1
 Pain                     Necr           0%         1d4       99%         1
 Vampiric Draining        Necr           0%         2d6       100%        3
 Animate Dead             Necr           0%         N/A       100%        4
 Agony                    Necr           0%         N/A       100%        5


Dungeon Overview and Level Annotations

Branches:
Dungeon (5/15)             Temple (1/1) D:5

Altars:
Ashenzari
Cheibriados
Dithmenos
Elyvilon
Fedhas
Gozag
Hepliaklqana
Nemelex Xobeh
Okawaru
Qazlal
Ru
Sif Muna
Trog
Vehumet
Xom
Yredelemnul
The Shining One

Shops:
D:3 :


Innate Abilities, Weirdness & Mutations

You have a pair of horns on your head.
You reflexively headbutt those who attack you in melee.
You are partially covered in large bone plates. (SH +4)
You tend to lose your temper in combat.
You are strong-willed. (Will+)


Message History

Your shield and scale mail prevent you from hitting the kobold brigand.
You headbutt the kobold brigand.
The kobold brigand is moderately wounded.
You block the kobold brigand's attack.
Your shield and scale mail prevent you from hitting the kobold brigand.
The kobold brigand is moderately wounded.
The kobold brigand hits you but does no damage.
You fade into invisibility!
You are very lightly contaminated with residual magic.
The kobold throws a stone.
The stone hits the kobold.
You catch the helpless kobold brigand completely off-guard!
You slash the kobold brigand! You headbutt the kobold brigand.
The kobold brigand is almost dead.
The kobold brigand hits you with a +0 whip of chaos.
You are electrocuted!
The kobold throws a stone.
The stone barely misses the kobold.
The stone barely misses the kobold brigand.
You block the stone.
You slash the kobold brigand!
You kill the kobold brigand!
Fedhas appreciates your contribution to the ecosystem.
The kobold zaps a wand.
The bolt of acid hits you but does no damage.
The acid corrodes you!
You are splashed with acid!
The kobold throws a stone.
The stone closely misses the kobold.
The stone closely misses you.
The kobold hits you with a +1 rapier of distortion.
You blink.
You have reached level 8!
You feel agile.
You are too injured to fight recklessly!
The kobold throws a stone.
You see here 29 stones.
It was a potion of mutation.
You feel extremely strange.
You feel strong-willed.
You feel a little pissed off.
Large bone plates grow over parts of your arms.
The kobold zaps a wand.
The bolt of acid hits you!
* * * LOW HITPOINT WARNING * * *
You are splashed with acid!
You die...
Fedhas appreciates your contribution to the ecosystem.

###########################
..........................#
#########################.#
#.# ########## #.#
.........# #.#######
.........# ##### #.#......
.........# ##.$[######
#)####### .........#
##...@.##..# #.# .........#
#≈.#.#.≈#..# #.# .........#
#⌠.#!#.⌠#..# #.# ........)#
#≈.#.#(≈#.## #.#
.........####..K.K##.# #.#
.........##.##K''##..# #.#
######'####...KKK....#
#.####### #.# ####KK.....#
#........ #.# #)#.....#
#########


You could see 7 kobolds.

Vanquished Creatures
  A necrophage (D:5)
  A black bear (D:5)
  An ogre (D:5)
  Blork the orc (D:5)
  A kobold brigand (D:5)
  3 scorpions
  A howler monkey (D:2)
  2 bullfrog zombies (D:5)
  3 hounds
  An orc priest (D:4)
  A scorpion zombie (D:5)
  Ijyb (D:5)
  A hound skeleton (D:4)
  2 river rats (D:3)
  5 adders
  3 worms (D:2)
  2 dart slugs
  The ghost of freelancePsychic the Sneak, a weakling VSDe (D:5)
  8 orcs
  5 ball pythons
  3 bats
  7 endoplasms
  3 giant cockroaches
  2 goblins
  3 hobgoblins
  8 quokkas
  4 frilled lizards
  6 kobolds
  6 rats
86 creatures vanquished.

Vanquished Creatures (others)
  A fungus (D:5)
  3 plants (D:5)
4 creatures vanquished.

Grand Total: 90 creatures vanquished

Notes
Turn   | Place    | Note
-------+----------+-------------------------------------------
     0 | D:1      | leviel the Minotaur Fighter began the quest for the Orb.
     0 | D:1      | Reached XP level 1. HP: 19/19 MP: 0/0
   365 | D:1      | Reached skill level 3 in Axes
   390 | D:1      | Reached XP level 2. HP: 27/27 MP: 1/1
   407 | D:1      | Found a faded altar of an unknown god.
  1111 | D:2      | Reached XP level 3. HP: 33/33 MP: 2/2
  1120 | D:2      | Reached skill level 4 in Axes
  1120 | D:2      | Reached XP level 4. HP: 37/41 MP: 3/3
  2262 | D:3      | Reached skill level 5 in Axes
  2421 | D:3      | Found Xiyrphia's Book Shoppe.
  2867 | D:4      | Reached XP level 5. HP: 47/47 MP: 4/4
  2875 | D:4      | Reached skill level 5 in Fighting
  3011 | D:4      | Reached skill level 6 in Axes
  3047 | D:4      | Reached XP level 6. HP: 40/56 MP: 5/5
  3198 | D:4      | Found a blossoming altar of Fedhas.
  3676 | D:5      | Entered Level 5 of the Dungeon
  3676 | D:5      | Noticed Blork the orc
  3693 | D:4      | Became a worshipper of Fedhas Madash
  3723 | D:5      | Killed Blork the orc
  3724 | D:5      | Reached skill level 7 in Axes
  4315 | D:5      | Found an iron altar of Okawaru.
  4370 | D:5      | Found a staircase to the Ecumenical Temple.
  4422 | D:5      | Reached XP level 7. HP: 55/64 MP: 6/6
  4492 | D:5      | Identified the ring "Keorepy" {rPois rF+ Dex+5}
  4542 | Temple   | Entered the Ecumenical Temple
  4774 | D:5      | Reached skill level 8 in Axes
  5204 | D:5      | Noticed Ijyb
  5207 | D:5      | Killed Ijyb
  5208 | D:5      | Reached skill level 9 in Axes
  5370 | D:5      | Found a runed translucent gate.
  5370 | D:5      | Found a runed translucent gate.
  5371 | D:5      | Found a runed translucent gate.
  5372 | D:5      | Noticed freelancePsychic's ghost (weakling VSDe)
  5484 | D:5      | Found a shimmering blue altar of Sif Muna.
  5818 | D:5      | Killed freelancePsychic's ghost
  5824 | D:5      | Reached XP level 8. HP: 24/73 MP: 7/7
  5829 | D:5      | Gained mutation: You are strong-willed. (Will+) [potion of
                  | mutation]
  5829 | D:5      | Gained mutation: You tend to lose your temper in combat.
                  | [potion of mutation]
  5829 | D:5      | Gained mutation: You are partially covered in large bone
                  | plates. (SH +4) [potion of mutation]
  5829 | D:5      | Splashed by a kobold's acid

Illustrated notes

Levels and vault maps discovered:
D:1:      saegor_arrival_simple_d, layout_loops_corners, basic_ecumenical_altar,
          minmay_pentomino_p2
D:2:      layout_basic
D:3:      layout_basic, serial_shops, shop, gup_sewer_entry_spiral
D:4:      layout_rooms, fedhas_altar_1, serial_forest,
          infiniplex_forest_corner_1, infiniplex_forest_straight_4,
          infiniplex_forest_end_3, infiniplex_forest_lined_corner,
          infiniplex_forest_straight_4, infiniplex_forest_straight_2,
          infiniplex_forest_lined_room_3
D:5:      layout_basic, okawaru_metal_pillars_1_2, led_sif_book, temple_green,
          gammafunk_ghost_nasty_kobolds, chequers_serial_rivers_marsh,
          hangedman_decor_clover_reticule, uniq_ijyb, uniq_blork_the_orc
Temple:   nicolae_temple_great_sept

Skill      XL: |  1  2  3  4  5  6  7 |
---------------+----------------------+-----
Axes           | 3 4 5 6 7 9 |  9.4
Fighting       | 4 5 6 7 |  7.3
Armour         | |  3.6
Shields        | |  3.6

Action                   |  1- 3 |  4- 6 |  7- 9 || total
-------------------------+-------+-------+-------++-------
Melee: War axe           |    56 |   131 |    47 ||   234
       Headbutt          |     8 |    25 |    12 ||    45
Throw: Throwing net      |       |     1 |       ||     1
Evoke: Wand              |       |       |     2 ||     2
  Use: Scroll            |       |     7 |       ||     7
       Potion            |       |     1 |     1 ||     2
 Stab: Invisible         |       |       |     1 ||     1
Armor: Scale mail        |    30 |    47 |    12 ||    89
Dodge: Dodged            |    10 |    34 |     7 ||    51
Block: Kite shield       |    25 |    64 |    27 ||   116

Table legend: (Time is in decaauts)
 A = Elapsed time spent in this place.
 B = Non-inter-level travel time spent in this place.
 C = Inter-level travel time spent in this place.
 D = Time resting spent in this place.
 E = Time spent auto-exploring this place.
 F = Levels seen in this place.
 G = Mean time per level.
                   A        B        C        D        E       F      G
               +--------+--------+--------+--------+--------+-----+--------+
         Total |   5985 |   5677 |    308 |    615 |   4336 |   6 |  997.5 |
       Dungeon |   5899 |   5602 |    297 |    615 |   4262 |   5 | 1179.8 |
        Temple |     85 |     74 |     11 |      0 |     74 |   1 |   85.0 |
               +--------+--------+--------+--------+--------+-----+--------+

Top non-repeatable levels by time:
     D:5: 2075 daAuts
     D:2: 1024 daAuts
     D:3: 996 daAuts
     D:1: 930 daAuts
     D:4: 872 daAuts
  Temple: 85 daAuts
